 Dungeon Crawl Stone Soup version 0.20-a0-553-g9f38e11 (webtiles) character file.

281 drasked the Magician (level 6, -2/41 HPs)
             Began as a Mummy Necromancer on Feb 3, 2017.
             Slain by a sky beast (5 damage)
             ... on level 6 of the Dungeon.
             The game lasted 00:18:05 (5863 turns).

drasked the Magician (Mummy Necromancer)            Turns: 5863, Time: 00:18:06

Health: -2/41      AC:  2    Str: 11    XL:     6   Next: 6%
Magic:  5/15       EV: 12    Int: 16    God:
Gold:   189        SH:  0    Dex: 13    Spells: 7/17 levels left

rFire    x . .     SeeInvis .   i - +0 dagger
rCold    + . .     Gourm    .   p - +0 robe (curse)
rNeg     + + +     Faith    .   (no shield)
rPois    ∞         Spirit   .   (no helmet)
rElec    .         Reflect  .   (no cloak)
rCorr    .         Harm     .   (no gloves)
MR       .....                  (no boots)
Stlth    ++........             (no amulet)
Regen    0.2/turn               (no ring)
                                (no ring)

@: no status effects
A: no food or potions, fire vulnerability, cold resistance 1, negative energy
resistance 3, torment resistance, unbreathing
a: no special abilities


You were on level 6 of the Dungeon.
You were not hungry.

You visited 1 branch of the dungeon, and saw 6 of its levels.

You collected 189 gold pieces.

Inventory:

Hand Weapons
 i - a +0 dagger (weapon)
   (You found it on level 1 of the Dungeon)
Armour
 a - a +0 robe
 p - a cursed +0 robe (worn)
   (You took it off a hobgoblin on level 2 of the Dungeon)
Magical Staves
 s - an uncursed staff of conjuration {unknown}
   (You found it on level 4 of the Dungeon)
Jewellery
 d - an uncursed ring of protection from cold {unknown}
   (You found it on level 2 of the Dungeon)
 g - a cursed ring of loudness {unknown}
   (You found it on level 1 of the Dungeon)
 h - a +5 ring of strength {unknown}
   (You found it on level 2 of the Dungeon)
 j - a cursed -3 ring of strength {unknown}
   (You found it on level 2 of the Dungeon)
 l - a cursed ring of teleportation {unknown}
   (You found it on level 2 of the Dungeon)
Wands
 t - a wand of confusion (19/48)
   (You took it off an orc wizard on level 5 of the Dungeon)
Scrolls
 c - a scroll of remove curse {unknown}
 e - 2 scrolls of identify {unknown}
 f - 2 scrolls of teleportation {unknown}
 k - 2 scrolls of enchant armour {unknown}
 m - 2 scrolls of fog {unknown}
 n - 3 scrolls of amnesia {unknown}
 o - a scroll of magic mapping {unknown}
 q - 2 scrolls of fear {unknown}
 r - a scroll of random uselessness {unknown}
Books
 b - a book of Necromancy


   Skills:
 - Level 1.5 Dodging
 - Level 1.5 Stealth
 + Level 6.0 Spellcasting
 + Level 5.7 Necromancy


You had 7 spell levels left.
You knew the following spells:

 Your Spells              Type           Power        Failure   Level  Hunger
a - Pain                  Necr           ###.         1%          1    N/A
b - Animate Dead          Necr           N/A          14%         4    N/A
c - Control Undead        Necr           ###.......   14%         4    N/A
A - Animate Skeleton      Necr           N/A          1%          1    N/A

Dungeon Overview and Level Annotations

Branches:
Dungeon (6/15)             Temple (0/1) D:6

Altars:
Cheibriados
Elyvilon
Fedhas
Gozag
Ru
Uskayaw

Annotations:
D:5 Dowan, Duvessa


Innate Abilities, Weirdness & Mutations

You do not eat or drink.
Your flesh is vulnerable to fire.
You are immune to poison.
Your flesh is cold resistant. (rC+)
You are immune to negative energy. (rN+++)
You are immune to unholy pain and torment.
You can survive without breathing.


Message History

Dowan gestures at you while chanting. The puff of flame hits you!
The fire burns you terribly!
Found 15 gold pieces.
Found a hide-covered altar of Uskayaw.
Found a stone staircase leading down.
You take 4 damage, and have 37/41 hp.
Dowan says, "My weaknesses are her strengths!"
There is a stone staircase leading down here.
Duvessa hits you with a short sword!
You climb downwards.
There is a stone staircase leading up here.
You take 8 damage, and have 30/41 hp.
You start resting.
Health restored: 41 Unknown command.
There is a stone staircase leading up here.
A worm comes into view.
Aim: a worm (resting, chance to defeat MR: 88%)
The worm writhes in agony!
You now have 14/15 mp.
Aim: a worm (moderately wounded, chance to defeat MR: 88%)
The worm writhes in agony!
You now have 13/15 mp.
Aim: a worm (severely wounded, chance to defeat MR: 88%)
The worm writhes in agony!
You kill the worm!
You now have 12/15 mp.
You call on the dead to rise...
The dead are slithering!
You now have 8/15 mp.
You swap places.
An orc and an orc warrior come into view.
The orc warrior shouts!
An orc comes into view.
Found 20 stones.
Found a staircase to the Ecumenical Temple.
A leopard gecko and an orc come into view.
The orc is wielding a flail of distortion.
The orc shouts!
An orc wizard comes into view. It is wielding a dagger.
You swap places.
An orc opens the door.
The orc wizard shouts!
The orc wizard gestures wildly while chanting.
The orc wizard flickers and vanishes!
Deactivating autopickup; reactivate with Ctrl-A.
Your worm zombie bites the orc but does no damage.
Aim: an orc, wielding a flail and wearing a ring mail (chance to defeat MR: 92%)
The orc writhes in agony!
The orc shouts!
The orc hits you with a flail.
The orc warrior hits your worm zombie with a long sword!
You take 3 damage, and have 38/41 hp.
You now have 9/15 mp.
Aim: an orc, wielding a flail and wearing a ring mail (heavily wounded, chance to defeat MR: 92%)
The orc writhes in agony!
You kill the orc!
The orc throws a tomahawk.
The tomahawk closely misses you.
The orc warrior hits your worm zombie with a long sword.
Your worm zombie bites the orc warrior but does no damage.
You now have 8/15 mp.
There is nothing here that can be animated!
Unknown command.
You call on the dead to rise...
Nothing appears to happen.
A sky beast comes into view.
You now have 4/15 mp.
Unknown command.
The orc warrior hits your worm zombie with a long sword.
You hit the orc. The orc misses you.
The orc warrior hits your worm zombie with a long sword!
Your worm zombie is destroyed!
Aim: an orc, wielding a flail of distortion and wearing a leather armour (moderately wounded, chance to defeat MR: 92%)
The orc writhes in agony!
The orc hits you with a flail of distortion!
Space warps horribly around you!
You take 19 damage, and have 20/41 hp.
MASSIVE DAMAGE!!
You now have 4/15 mp.
Aim: an orc, wielding a flail of distortion and wearing a leather armour (severely wounded, chance to defeat MR: 92%)
The orc writhes in agony!
You kill the orc!
You now have 3/15 mp.
Aim: a leopard gecko (clinging, chance to defeat MR: 92%)
The leopard gecko writhes in agony!
You kill the leopard gecko!
You now have 2/15 mp.
An ogre comes into view. It is wielding a giant club.
The sky beast flickers out of sight!
There is a stone staircase leading up here.
The orc warrior hits you with a long sword!
You climb upwards.
Level annotation: Dowan, Duvessa Duvessa closely misses you.
There is a stone staircase leading down here.
You take 9 damage, and have 13/41 hp.
MASSIVE DAMAGE!!
The orc warrior closely misses you. Duvessa completely misses you.
You climb downwards.
The orc barely misses you. Something hits you. Something shocks you.
* * * LOW HITPOINT WARNING * * *
The orc barely misses you. Something hits you.
* * * LOW HITPOINT WARNING * * *
Something shocks you.
You die...

######## .......
.######...#############
.............!.........
..............oo.......
######.#.....@####.###
#.###..### ###......##
#.....#...#
#.....#.#.##
#.....#.#..#
##.##.#.##.# ##
#(##...##.# ...
#)#######.#


You could see an orc warrior and an orc.

Vanquished Creatures
  A worker ant (D:4)
  2 orc wizards (D:5)
  5 adders
  6 gnolls
  A howler monkey skeleton (D:3)
  An ooze (D:1)
  An adder skeleton (D:3)
  A worm (D:6)
  5 dart slugs
  6 leopard geckos
  4 orcs
  4 giant cockroaches
  A goblin (D:1)
  7 hobgoblins
  4 kobolds
  A quokka (D:2)
  A ball python (D:2)
  9 bats
  A leopard gecko zombie (D:3)
  A quokka skeleton (D:3)
  A quokka zombie (D:3)
  5 rats
68 creatures vanquished.

Vanquished Creatures (collateral kills)
  A gnoll (D:3)
  An adder (D:3)
  2 adder skeletons
  A giant cockroach (D:1)
  A giant cockroach zombie (D:3)
  A goblin (D:3)
  2 kobolds (D:3)
  A leopard gecko zombie (D:3)
  A quokka skeleton (D:4)
11 creatures vanquished.

Grand Total: 79 creatures vanquished

Notes
Turn   | Place    | Note
-------+----------+-------------------------------------------
     0 | D:1      | drasked the Mummy Necromancer began the quest for the Orb.
     0 | D:1      | Reached XP level 1. HP: 13/13 MP: 4/4
     2 | D:1      | Learned a level 1 spell: Animate Skeleton
   146 | D:1      | Reached skill level 3 in Spellcasting
   324 | D:1      | Reached XP level 2. HP: 19/19 MP: 3/6
  1200 | D:1      | Reached XP level 3. HP: 24/24 MP: 6/8
  1479 | D:2      | Reached skill level 4 in Spellcasting
  1656 | D:2      | Found a sacrificial altar of Ru.
  1656 | D:2      | Found a snail-covered altar of Cheibriados.
  1663 | D:2      | Found a faded altar of an unknown god.
  1665 | D:2      | Found a blossoming altar of Fedhas.
  1666 | D:2      | Found a faded altar of an unknown god.
  1713 | D:2      | Found a white marble altar of Elyvilon.
  2406 | D:2      | Reached XP level 4. HP: 30/30 MP: 8/10
  2938 | D:3      | HP: 5/30 [gnoll/whip (8)]
  2942 | D:3      | Reached skill level 5 in Necromancy
  3212 | D:3      | Learned a level 4 spell: Animate Dead
  3369 | D:3      | Reached skill level 5 in Spellcasting
  3672 | D:3      | Reached XP level 5. HP: 24/35 MP: 7/12
  3802 | D:3      | Learned a level 4 spell: Control Undead
  3915 | D:3      | Found an opulent altar of Gozag.
  4142 | D:4      | HP: 5/35 [gnoll (5)]
  4183 | D:4      | HP: 5/35 [gnoll/spear (5)]
  4700 | D:4      | HP: 3/35 [water moccasin skeleton (8)]
  5280 | D:5      | Entered Level 5 of the Dungeon
  5537 | D:5      | Reached skill level 6 in Spellcasting
  5537 | D:5      | Reached XP level 6. HP: 41/41 MP: 4/15
  5713 | D:5      | Found a hide-covered altar of Uskayaw.
  5713 | D:5      | Noticed Duvessa
  5713 | D:5      | Noticed Dowan
  5829 | D:6      | Noticed an orc warrior
  5830 | D:6      | Found a staircase to the Ecumenical Temple.
  5841 | D:6      | Noticed a sky beast
  5863 | D:6      | HP: 8/41 [something (5)]
  5863 | D:6      | HP: 3/41 [something (5)]
  5863 | D:6      | Slain by a sky beast

Vault maps used:
D:1:      scummos_arrival_forest
D:2:      overflow_temple_1_default, chequers_temple_overflow_minitemple
D:3:      serial_undead, serial_undead_a, serial_undead_f, serial_undead_d,
          serial_undead_f, serial_undead_e, serial_undead_e,
          minmay_misc_feat_rugged, lemuel_statue_altar
D:4:      lemuel_zombie_altar_kikubaaqudgha, lemuel_coloured_pillars_altar,
          first_bread
D:5:      nicolae_overflow_hidden_temple, minivault_23, uniq_duvessa,
          uniq_blork_the_orc
D:6:      kennysheep_mini, minmay_temple_entry_water_ring, hangedman_glass_teeth

Skill      XL: |  1  2  3  4  5 |
---------------+----------------+-----
Spellcasting   | 3 4 5 6 |  6.0
Necromancy     | 5 |  5.7
Dodging        | |  1.5
Stealth        | |  1.5

Action                   |  1- 3 |  4- 6 || total
-------------------------+-------+-------++-------
Melee: Dagger            |       |    33 ||    33
 Cast: Pain              |    83 |    87 ||   170
       Animate Skeleton  |    16 |     4 ||    20
       Animate Dead      |       |    12 ||    12
       Control Undead    |       |     9 ||     9
 Stab: Distracted        |       |     1 ||     1
       Sleeping          |       |     1 ||     1
Armor: Robe              |     9 |     9 ||    18
Dodge: Dodged            |    37 |    61 ||    98

Vault maps used:
D:1:      scummos_arrival_forest
D:2:      overflow_temple_1_default, chequers_temple_overflow_minitemple
D:3:      serial_undead, serial_undead_a, serial_undead_f, serial_undead_d,
          serial_undead_f, serial_undead_e, serial_undead_e,
          minmay_misc_feat_rugged, lemuel_statue_altar
D:4:      lemuel_zombie_altar_kikubaaqudgha, lemuel_coloured_pillars_altar,
          first_bread
D:5:      nicolae_overflow_hidden_temple, minivault_23, uniq_duvessa,
          uniq_blork_the_orc
D:6:      kennysheep_mini, minmay_temple_entry_water_ring, hangedman_glass_teeth

Table legend:
 A = Turns spent in this place as a percentage of turns spent in the entire game.
 B = Non-inter-level travel turns spent in this place as a percentage of non-inter-level travel turns spent in the entire game.
 C = Inter-level travel turns spent in this place as a percentage of turns spent in this place.
 D = Turns resting spent in this place as a percentage of non-inter-level travel turns spent in this place.
 E = Turns spent auto-exploring this place as a percentage of non-inter-level travel turns spent in this place.
 F = Non-inter-level travel turns spent in this place divided by the number of levels of this place that you've seen.
                   A       B       C       D       E      F
               +-------+-------+-------+-------+-------+----------------------
         Total | 100.0 | 100.0 |   1.3 |   7.3 |   5.1 | 249.8
       Dungeon | 100.0 | 100.0 |   1.3 |   7.3 |   5.1 | 249.8
               +-------+-------+-------+-------+-------+----------------------

Table legend:
 A = Kills in this place as a percentage of kills in entire the game.
 B = Kills by you in this place as a percentage of kills by you in the entire game.
 C = Kills by friends in this place as a percentage of kills by friends in the entire game.
 D = Other kills in this place as a percentage of other kills in the entire game.
 E = Experience gained in this place as a percentage of experience gained in the entire game.
 F = Experience gained in this place divided by the number of levels of this place that you have seen.
                   A       B       C       D       E      F
               +-------+-------+-------+-------+-------+----------------------
         Total | 100.0 | 100.0 | 100.0 |  -nan | 100.0 |  67.0
       Dungeon | 100.0 | 100.0 | 100.0 |  -nan | 100.0 |  67.0
               +-------+-------+-------+-------+-------+----------------------
